AoeStats
← grandma.

Arabia

503901418Analyzed
4v4 RM · 28d ago on Sep 2, 2026· 27m 29s· 8 players
Game mode
Random Map
Map size
Large (8 player)
Population
200
Speed
Normal
Resources
Standard
Victory
Conquest
Starting age
Dark Age
Ending age
Imperial Age
RankedLock teamsTeams togetherTeam positionsShared explorationLock speedFull tech treeHidden civsTurbo modeCheats
Victory
Defeat
🇦🇷 Magyars · Argentina
920
+15
🇦🇷 Cumans · Argentina
849
+18
🇦🇷 Huns · Argentina
809
+20
🇦🇷 Sicilians · Argentina
783
+21
🇦🇺 Britons · Australia
971
-22
🇨🇦 Teutons · Canada
912
-19
🇮🇳 Italians · India
879
-18
🇦🇺 Persians · Australia
826
-15
Nexus
10:09 Feudal Age
16:16 Castle Age
22:35 Loom
23:26 Wheelbarrow
PatBateman7156
3:48 Loom
12:20 Feudal Age
15:05 Wheelbarrow
20:28 Castle Age
19:12 Double-Bit Axe
19:09 Horse Collar
23:01 Hand Cart
24:29 Scale Mail Armor
24:40 Forging
25:52 Town Watch
26:39 Bow Saw
26:32 Heavy Plow
grandma.
3:38 Loom
11:54 Feudal Age
12:43 Horse Collar
12:52 Double-Bit Axe
12:33 Man-at-Arms
17:31 Gold Mining
22:01 Stone Mining
22:53 Forging
22:44 Scale Mail Armor
GayBastard
12:46 Feudal Age
12:57 Man-at-Arms
13:35 Loom
14:45 Forging
15:02 Double-Bit Axe
16:49 Scale Mail Armor
22:52 Fletching
Bin Salmán
3:27 Loom
10:14 Feudal Age
11:04 Double-Bit Axe
16:16 Horse Collar
20:50 Castle Age
19:28 Scale Barding Armor
19:53 Bloodlines
21:50 Husbandry
22:17 Chain Barding Armor
22:19 Gold Mining
22:39 Heavy Plow
27:43 Wheelbarrow
MilanesadeAura
11:28 Feudal Age
15:00 Padded Archer Armor
16:26 Fletching
17:24 Gold Mining
20:43 Double-Bit Axe
28:12 Wheelbarrow
30:00 Castle Age
Cerimedo
10:35 Feudal Age
15:33 Scale Mail Armor
20:40 Horse Collar
26:30 Castle Age
Oni.cHAN
5:31 Loom
10:55 Feudal Age
12:05 Man-at-Arms
Connection lost

Rejoining the realm…

Still unreachable

The connection could not be restored.

Session expired

The server has moved on; the page needs a fresh start.